 Dungeon Crawl Stone Soup version 0.20.1-1-g8b1a95d (webtiles) character file.

184 gungr the Insei (level 5, -1/33 HPs)
             Began as an Octopode Transmuter on Nov 10, 2017.
             Slain by Zeege's ghost (2 damage)
             ... on level 3 of the Dungeon.
             The game lasted 00:06:34 (3428 turns).

gungr the Insei (Octopode Transmuter)               Turns: 3428, Time: 00:06:34

Health: -1/33      AC:  1    Str: 10    XL:     5   Next: 63%
Magic:  3/8        EV: 13    Int: 16    God:
Gold:   143        SH:  0    Dex: 12    Spells: 2/8 levels left

rFire    . . .     SeeInvis .     - Unarmed
rCold    + . .     Gourm    .   (no shield)
rNeg     . . .     Faith    .   (helmet restricted)
rPois    .         Spirit   .   (no amulet)
rElec    .         Reflect  .   s - ring of protection from cold
rCorr    .         Harm     .   (no ring)
MR       .....                  (no ring)
Stlth    ++........             (no ring)
Regen    0.2/turn               (no ring)
MPRegen  0.2/turn               (no ring)
                                (no ring)
                                (no ring)

@: flying, hasted, very quick
A: almost no armour, stealthy swim, amphibious, 8 rings, constrict 8, camouflage
1, gelatinous body 1
a: no special abilities


You were on level 3 of the Dungeon.
You were not hungry.

You visited 1 branch of the dungeon, and saw 3 of its levels.

You collected 143 gold pieces.

Inventory:

Missiles
 a - 25 arrows
 w - 7 tomahawks (quivered)
Jewellery
 s - a ring of protection from cold (left tentacle)
Scrolls
 d - 2 scrolls of teleportation {unknown}
 e - 2 scrolls of recharging {unknown}
 f - 7 scrolls of identify {unknown}
 g - 3 scrolls of blinking {unknown}
 l - 3 scrolls of remove curse {unknown}
 o - 2 scrolls of fog {unknown}
Potions
 h - a potion of lignification
 i - 2 potions of brilliance
 k - a potion of might
 n - a potion of flight
 p - a potion of resistance {unknown}
 r - a potion of cancellation {unknown}
 t - a potion of heal wounds {unknown}
 u - a potion of agility {unknown}
Books
 b - a book of Changes

   Spells                             Type                      Level
   a - Beastly Appendage              Transmutation                1
   b - Sticks to Snakes               Transmutation                2
   c - Spider Form                    Transmutation/Poison         3
   d - Ice Form                       Ice/Transmutation            4
   e - Blade Hands                    Transmutation                5
Comestibles
 c - a bread ration
 j - a royal jelly
 v - 2 meat rations


   Skills:
 - Level 1.0 Fighting
 - Level 2.0 Dodging
 - Level 5.0 Unarmed Combat
 - Level 2.0 Spellcasting
 * Level 4.0 Transmutations


You had 2 spell levels left.
You knew the following spells:

 Your Spells              Type           Power        Failure   Level  Hunger
a - Beastly Appendage     Tmut           ##....       4%          1    #......
b - Sticks to Snakes      Tmut           ##......     6%          2    ###....
c - Spider Form           Tmut/Pois      #.........   26%         3    ###....


Dungeon Overview and Level Annotations

Branches:
Dungeon (3/15)

Altars:

Annotations:
D:3 Zeege's ghost, amateur DsCK


Innate Abilities, Weirdness & Mutations

You cannot wear most types of armour.
You are very stealthy in the water. (Stealth+)
You are amphibious.
You can wear up to eight rings at the same time.
You can use your tentacles to constrict eight enemies at once.
Your skin changes colour to match your surroundings (Stealth+).
Your rubbery body absorbs attacks. (AC +1, EV +1)


Message History

Your adder barely misses Zeege's ghost.
You feel better. Zeege's ghost hits you.
* * * LOW HITPOINT WARNING * * *
Your adder barely misses Zeege's ghost.
You tentacle-slap Zeege's ghost but do no damage.
Your tentacle spike misses Zeege's ghost.
Zeege's ghost is severely damaged.
Your tentacle spike disappears.
Your adder bites Zeege's ghost.
Zeege's ghost barely misses you.
You tentacle-slap Zeege's ghost.
Zeege's ghost is severely damaged.
Your adder closely misses Zeege's ghost.
Zeege's ghost hits you.
* * * LOW HITPOINT WARNING * * *
You feel your power leaking away.
Your adder barely misses Zeege's ghost.
It was a potion of haste.
You feel yourself speed up. Zeege's ghost hits you.
* * * LOW HITPOINT WARNING * * *
Space bends around you.
You die...

.........#######'######
..#####.###...........# ..#####.#
#...........# #.......#
#...........# #.#######
##.....###### ..# ###.....######
### #..).........#
##########............#
)..............W@.....#
.....#####.....S......#
...#.###########....###
.#..................############
.#...............#.............#
.#..)............#.............##
.#.....#########'#...............
.#.....######.........######....<
.#.................<....# #.....


You could see Zeege's ghost and a friendly adder.

Vanquished Creatures
  Natasha (thrice) (D:2)
  2 adders
  3 worms
  5 orcs (D:3)
  2 ball pythons (D:3)
  7 giant cockroaches
  4 goblins
  9 hobgoblins
  7 jackals
  A quokka (D:2)
  4 bats (D:1)
  2 frilled lizards
  12 kobolds
  5 rats
66 creatures vanquished.

Vanquished Creatures (collateral kills)
  An adder (D:3)
1 creature vanquished.

Grand Total: 67 creatures vanquished

Notes
Turn   | Place    | Note
-------+----------+-------------------------------------------
     0 | D:1      | gungr the Octopode Transmuter began the quest for the Orb.
     0 | D:1      | Reached XP level 1. HP: 13/13 MP: 3/3
   129 | D:1      | Reached XP level 2. HP: 16/18 MP: 5/5
   557 | D:1      | Reached skill level 4 in Unarmed Combat
   787 | D:2      | Reached XP level 3. HP: 16/23 MP: 6/6
   883 | D:2      | Noticed Natasha
   889 | D:2      | Killed Natasha
  1128 | D:2      | Reached XP level 4. HP: 15/28 MP: 5/7
  1815 | D:2      | Reached skill level 5 in Unarmed Combat
  1892 | D:2      | Noticed Natasha
  1899 | D:2      | Killed Natasha
  1909 | D:2      | Noticed Natasha
  1918 | D:2      | Killed Natasha
  1918 | D:2      | Reached XP level 5. HP: 8/33 MP: 8/8
  2236 | D:3      | Learned a level 2 spell: Sticks to Snakes
  2240 | D:3      | Learned a level 3 spell: Spider Form
  2287 | D:3      | Noticed Zeege's ghost (amateur DsCK)
  3428 | D:3      | HP: 1/33 [Zeege's ghost (4)]
  3428 | D:3      | Slain by Zeege's ghost

Skill      XL: |  1  2  3  4  5 |
---------------+----------------+-----
Unarmed Combat | 4 5 |  5.0
Transmutations | 3 4 |  4.0
Fighting       | |  1.0
Dodging        | |  2.0
Spellcasting   | |  2.0

Action                   |  1- 3 |  4- 6 || total
-------------------------+-------+-------++-------
Melee: Unarmed           |    65 |   106 ||   171
       Constrict         |    17 |    21 ||    38
       Tentacles         |    10 |    11 ||    21
       Punch             |     1 |     1 ||     2
       Kick              |     2 |    14 ||    16
 Cast: Beastly Appendage |     2 |     7 ||     9
       Sticks to Snakes  |       |     8 ||     8
  Use: Potion            |       |     9 ||     9
 Stab: Sleeping          |     9 |     6 ||    15
  Eat: Bread ration      |     1 |     1 ||     2
Armor: Skin              |     8 |    12 ||    20
Dodge: Dodged            |    38 |    45 ||    83
